 Dungeon Crawl Stone Soup version 0.30-a0-341-g682706514a (webtiles) character file.

Game seed: 6748352125211543488

145 Hubris850 the Shooter (level 5, -3/28 HPs)
             Began as a Deep Elf Hexslinger on Nov 4, 2022.
             Slain by a gnoll
             ... wielding a +2 vorpal halberd
              (10 damage)
             ... on level 3 of the Dungeon.
             The game lasted 00:08:00 (1881 turns).

Hubris850 the Shooter (Deep Elf Hexslinger)         Turns: 1881, Time: 00:08:00

Health: -3/28      AC:  4    Str:  9    XL:     5   Next: 6%
Magic:  9/12       EV: 12    Int: 18    God:
Gold:   130        SH:  0    Dex: 15    Spells: 2/10 levels left

rFire   . . .      SeeInvis .    a - +2 sling
rCold   . . .      Faith    .    (no shield)
rNeg    . . .      Spirit   .    l - +0 leather armour
rPois   .          Reflect  .    k - +0 helmet
rElec   .          Harm     .    (no cloak)
rCorr   .          Rampage  .    (no gloves)
Will    .....                    (no boots)
Stlth   +.........               (no amulet)
HPRegen 0.24/turn                (no ring)
MPRegen 0.13/turn                (no ring)

@: no status effects
A: no striking features
a: no special abilities


You were on level 3 of the Dungeon.
You visited 1 branch of the dungeon, and saw 3 of its levels.

You collected 130 gold pieces.

Inventory:

Hand Weapons
 a - a +2 sling (weapon)
 b - a +0 dagger
 m - a +1 whip of electrocution
Missiles
 i - 6 poisoned darts
 j - a throwing net
Armour
 c - a +0 robe
 k - a +0 helmet (worn)
 l - a +0 leather armour (worn)
Magical Staves
 n - a staff of conjuration
Scrolls
 f - a scroll of poison
 o - a scroll of identify
Potions
 g - a potion of cancellation
 h - a potion of invisibility


   Skills:
 - Level 0.7 Fighting
 * Level 5.1 Ranged Weapons
 - Level 3.0 Dodging
 + Level 3.4 Spellcasting
 + Level 5.0 Hexes


You had 2 spell levels left.
You knew the following spells:

 Your Spells              Type           Power      Damage    Failure   Level
a - Slow                  Hex            84%        N/A       2%          1
b - Tukima's Dance        Hex            21%        N/A       9%          3
c - Cause Fear            Hex            10%        N/A       28%         4

Your spell library contained the following spells:

 Spells                   Type           Power      Damage    Failure   Level
 Inner Flame              Hex/Fire       12%        N/A       24%         3
 Portal Projectile        Hex/Tloc       24%        N/A       24%         3
 Stone Arrow              Conj/Erth      6%         3d7       54%         3
 Animate Armour           Summ/Erth      6%         N/A       91%         4
 Passage of Golubria      Tloc           3%         N/A       91%         4
 Yara's Violent Unravell  Hex/Tmut       6%         3d5       91%         5
 Lehudib's Crystal Spear  Conj/Erth      1%         10d2      100%        8


Dungeon Overview and Level Annotations

Branches:
Dungeon (3/15)

Altars:


Message History

You kill the orc!
Unknown command.
You start resting.
HP restored.
You climb downwards.
There is a stone staircase leading up here.
The gnoll misses you.
You climb upwards.
There is a stone staircase leading down here.
Things that are here:
a +0 short sword; an orc corpse
Things that are here:
4 stones; a +0 dagger You see here a +0 dagger.
You see here a +0 club.
There is a stone staircase leading down here.
Things that are here:
a +2 antimagic dagger; a +0 dagger; a +0 club You climb downwards.
The gnoll shouts! x2; The ball python hisses angrily.
The gnoll closely misses you.
Found 6 stones.
There is a stone staircase leading up here.
Press: ? - help, v - describe, . - travel
Here: a gnoll, wielding a +2 vorpal halberd The floor.
Unknown command.
Unknown command.
Casting: Tukima's Dance (quite dangerous; 9% risk of failure)
Confirm with . or Enter, or press ? or * to list all spells.
The spell is quite dangerous to miscast (9% risk of failure)!
Continue anyway?
Aiming: Tukima's Dance (quite dangerous; 9% risk of failure)
Press: ? - help, Shift-Dir - straight line, f - gnoll
Aim: a gnoll, wielding a +2 vorpal halberd (chance to affect: 62%)
The gnoll resists with significant effort.
The gnoll hits you from afar with a +2 vorpal halberd!!
Ouch! That really hurt!
* * * LOW HITPOINT WARNING * * *
The gnoll hits you from afar with a +2 vorpal halberd!
You die...

..... .....
...... ##
..(... .#
......##.#
.....g...
.....g..#####.#
.....w.@......#
....Sg......###
...............
.##...##....###
#### #####


You could see a worm, 3 gnolls and a ball python.

Vanquished Creatures
  Robin (D:2)
  3 adders (D:2)
  3 gnolls (D:2)
  2 dart slugs (D:2)
  2 orcs
  6 endoplasms
  7 giant cockroaches
  13 goblins
  6 hobgoblins
  4 jackals (D:1)
  4 kobolds
  A ball python (D:2)
  5 bats
  6 frilled lizards
  5 rats
68 creatures vanquished.

Vanquished Creatures (others)
  2 dancing weapons
2 creatures vanquished.

Grand Total: 70 creatures vanquished

Notes
Turn   | Place    | Note
-------+----------+-------------------------------------------
     0 | D:1      | Hubris850 the Deep Elf Hexslinger began the quest for the
                  | Orb.
     0 | D:1      | Reached XP level 1. HP: 11/11 MP: 5/5
   164 | D:1      | Reached XP level 2. HP: 16/16 MP: 6/6
   573 | D:1      | Reached XP level 3. HP: 20/20 MP: 8/8
   628 | D:1      | Found a faded altar of an unknown god.
  1011 | D:2      | Reached XP level 4. HP: 24/24 MP: 10/10
  1012 | D:2      | Noticed Robin
  1042 | D:2      | Killed Robin
  1207 | D:2      | Learned a level 3 spell: Tukima's Dance
  1212 | D:2      | Learned a level 4 spell: Cause Fear
  1416 | D:2      | Reached skill level 5 in Ranged Weapons
  1416 | D:2      | Reached skill level 5 in Hexes
  1416 | D:2      | Reached XP level 5. HP: 13/28 MP: 6/12
  1881 | D:3      | Slain by a gnoll

Illustrated notes

Levels and vault maps discovered:
D:1:      lemuel_arrival_behind_the_door_small, layout_loops_ring,
          ebering_ecumenical_altar_rust
D:2:      layout_loops_ring, uniq_robin
D:3:      layout_rooms, nicolae_uskayaw_murder_on_the_dancefloor,
          amcnicky_mini_pool_small, amcnicky_mini_rare_corridor_liquid,
          minmay_misc_feat_x, minivault_5, grunt_decor_cap, uniq_ijyb

Skill      XL: |  1  2  3  4 |
---------------+-------------+-----
Ranged Weapons | 3 4 5 |  5.1
Spellcasting   | 2 3 |  3.4
Dodging        | 3 |  3.0
Hexes          | 5 |  5.0
Fighting       | |  0.7

Action                   |  1- 3 |  4- 6 || total
-------------------------+-------+-------++-------
 Fire: Sling             |   124 |    85 ||   209
 Cast: Tukima's Dance    |       |     4 ||     4
  Use: Scroll            |     6 |     2 ||     8
       Potion            |     1 |       ||     1
Armor: Robe              |     5 |       ||     5
       Leather armour    |    21 |    10 ||    31
Dodge: Dodged            |    62 |    49 ||   111

Table legend: (Time is in decaauts)
 A = Elapsed time spent in this place.
 B = Non-inter-level travel time spent in this place.
 C = Inter-level travel time spent in this place.
 D = Time resting spent in this place.
 E = Time spent auto-exploring this place.
 F = Levels seen in this place.
 G = Mean time per level.
                   A        B        C        D        E       F      G
               +--------+--------+--------+--------+--------+-----+--------+
         Total |   1936 |   1847 |     89 |    148 |   1182 |   3 |  645.3 |
       Dungeon |   1936 |   1847 |     89 |    148 |   1182 |   3 |  645.3 |
               +--------+--------+--------+--------+--------+-----+--------+

Top non-repeatable levels by time:
     D:2: 966 daAuts
     D:1: 865 daAuts
     D:3: 103 daAuts
